 Dungeon Crawl Stone Soup version 0.21.1-1-g345015f (webtiles) character file.

41 tidbits the Grave Robber (level 3, 21/25 HPs)
             Began as a Gnoll Necromancer on June 26, 2018.
             Was an Initiate of Cheibriados.
             Quit the game on level 3 of the Dungeon.
             The game lasted 00:03:07 (414 turns).

tidbits the Grave Robber (Gnoll Necromancer)         Turns: 414, Time: 00:03:08

Health: 21/25      AC:  2    Str: 11    XL:     3   Next: 52%
Magic:  0/9        EV: 15    Int: 19    God:    Cheibriados [......]
Gold:   12         SH:  0    Dex: 16    Spells: 10/12 levels left

rFire    + . .     SeeInvis .   m - +0 trident
rCold    + . .     Gourm    .   (no shield)
rNeg     . . .     Faith    .   k - +0 robe
rPois    +         Spirit   .   (no helmet)
rElec    +         Reflect  .   (no cloak)
rCorr    +         Harm     .   (no gloves)
MR       .....                  (no boots)
Stlth    +++.......             q - amulet of inaccuracy (curse)
HPRegen  0.08/turn              (no ring)
MPRegen  0.11/turn              (no ring)

@: resistant, very slow
A: distributed training, fangs 1, strong nose
a: Bend Time, Renounce Religion


You were on level 3 of the Dungeon.
You worshipped Cheibriados.
Cheibriados was noncommittal.
You were not hungry.

You visited 1 branch of the dungeon, and saw 3 of its levels.

You collected 12 gold pieces.

Inventory:

Hand Weapons
 a - a +0 whip
 m - a +0 trident (weapon)
 r - a +0 flail
 t - a +0 dagger
Missiles
 f - 38 bolts
 g - 19 sling bullets
 n - 4 stones (quivered)
 u - 14 arrows
 v - 5 tomahawks
Armour
 k - a +0 robe (worn)
 o - a +0 ring mail
 s - a cursed +0 ring mail
Jewellery
 q - a cursed amulet of inaccuracy (around neck)
   (You found it on level 3 of the Dungeon)
Scrolls
 e - a scroll of fear {unknown}
 h - a scroll of amnesia {unknown}
 j - a scroll of immolation
 l - a scroll of remove curse
Potions
 d - 3 potions of curing
 i - a potion of resistance
Books
 b - a book of Necromancy

   Spells                             Type                      Level
   a - Pain                           Necromancy                   1
   b - Animate Skeleton               Necromancy                   1
   c - Vampiric Draining              Necromancy                   3
   d - Regeneration                   Charms/Necromancy            3
   e - Animate Dead                   Necromancy                   4
   f - Borgnjor's Vile Clutch         Necromancy/Earth             5
Comestibles
 c - 3 rations


   Skills:
 + Level 0.8 Fighting
 + Level 0.8 Short Blades
 + Level 0.8 Long Blades
 + Level 0.8 Axes
 + Level 0.8 Maces & Flails
 + Level 0.8 Polearms
 + Level 0.8 Staves
 + Level 0.8 Slings
 + Level 0.8 Bows
 + Level 0.8 Crossbows
 + Level 0.8 Throwing
 + Level 0.8 Armour
 + Level 4.5 Dodging
 + Level 4.1 Stealth
 + Level 0.8 Shields
 + Level 0.8 Unarmed Combat
 + Level 5.0 Spellcasting
 + Level 0.5 Conjurations
 + Level 0.5 Hexes
 + Level 0.5 Charms
 + Level 0.5 Summonings
 + Level 7.1 Necromancy
 + Level 0.5 Translocations
 + Level 0.5 Transmutations
 + Level 0.5 Fire Magic
 + Level 0.5 Ice Magic
 + Level 0.5 Air Magic
 + Level 0.5 Earth Magic
 + Level 0.5 Poison Magic
 + Level 1.0 Invocations
 + Level 0.8 Evocations


You had 10 spell levels left.
You knew the following spells:

 Your Spells              Type           Power        Failure   Level  Hunger
a - Pain                  Necr           ####         1%          1    None
n - Animate Skeleton      Necr           N/A          1%          1    None


Dungeon Overview and Level Annotations

Branches:
Dungeon (3/15)

Altars:
Cheibriados


Innate Abilities, Weirdness & Mutations

Your experience applies equally to all skills.
You have very sharp teeth.
Your uncanny sense of smell can sniff out nearby items.


Message History

Aiming: Pain
Press: ? - help, Shift-Dir - straight line, f/p - bat
Aim: a bat (chance to defeat MR: 93%)
The bat writhes in agony!
The bat barely misses you. Terence closely misses you.
Casting: Pain
Confirm with . or Enter, or press ? or * to list all spells.
Aiming: Pain
Press: ? - help, Shift-Dir - straight line, f - Terence, p - bat
Aim: Terence, wielding a hand axe and wearing a scale mail (chance to defeat MR: 89%) Terence writhes in agony!
The bat misses you. The bat closely misses you.
Terence hits you with a hand axe!
* * * LOW HITPOINT WARNING * * *
Casting: Pain
Confirm with . or Enter, or press ? or * to list all spells.
Aiming: Pain
Press: ? - help, Shift-Dir - straight line, f/p - Terence
Aim: Terence, wielding a hand axe and wearing a scale mail (heavily wounded, chance to defeat MR: 89%) Terence barely resists.
The bat barely misses you. Terence hits you with a hand axe.
* * * LOW HITPOINT WARNING * * *
Casting: Pain
Confirm with . or Enter, or press ? or * to list all spells.
Okay, then.
Casting: Pain
Confirm with . or Enter, or press ? or * to list all spells.
Aiming: Pain
Press: ? - help, Shift-Dir - straight line, f/p - Terence
Aim: Terence, wielding a hand axe and wearing a scale mail (heavily wounded, chance to defeat MR: 89%) Terence writhes in agony!
The bat hits you but does no damage. Terence misses you.
Casting: Pain
Confirm with . or Enter, or press ? or * to list all spells.
Aiming: Pain
Press: ? - help, Shift-Dir - straight line, f/p - Terence
Aim: Terence, wielding a hand axe and wearing a scale mail (severely wounded, chance to defeat MR: 89%) Terence writhes in agony!
The bat hits you but does no damage. Terence barely misses you.
It was a potion of curing.
You feel better.
The bat hits you but does no damage. x2; Terence barely misses you.
It was a potion of resistance.
You feel protected. The bat barely misses you. Terence closely misses you.
It was a potion of heal wounds.
You feel much better. Terence completely misses you.
The bat closely misses you.
You barely miss Terence. Your bite misses Terence.
Terence is severely wounded.
The bat hits you. Terence misses you.
You miss Terence.
Terence is severely wounded.
The bat hits you. Terence closely misses you.
Casting: Pain
Confirm with . or Enter, or press ? or * to list all spells.
Aiming: Pain
Press: ? - help, Shift-Dir - straight line, f/p - Terence
Aim: Terence, wielding a hand axe and wearing a scale mail (severely wounded, chance to defeat MR: 89%) Terence writhes in agony!
You kill Terence!
Cheibriados thoroughly appreciates the change of pace.
Your Spellcasting skill increases to level 5!
Your Invocations skill increases to level 1!
You have reached level 3!
Your experience leads to an increase in your attributes!
Your base attributes are Str 10, Int 17, Dex 15.
Increase (S)trength, (I)ntelligence, or (D)exterity?
You feel clever. The bat hits you but does no damage.
You puncture the bat!
You kill the bat!
Cheibriados thoroughly appreciates the change of pace.
Things that are here:
a hand axe; a scale mail
Found a ring mail.
Things that are here:
a ring mail; 12 gold pieces
o - a ring mail You now have 12 gold pieces.
An orc comes into view.
The goblin shouts!
You hear a shout! x2; The orc shouts!
The goblin wields a hunting sling.
The goblin shoots a stone.
The stone misses you.
An orc wizard comes into view. It is wielding a dagger of venom.
Casting: Pain
Confirm with . or Enter, or press ? or * to list all spells.
Aiming: Pain
Press: ? - help, Shift-Dir - straight line, f - orc wizard
Aim: an orc wizard, wielding a dagger of venom and wearing a robe (hasn't noticed you, chance to defeat MR: 84%)
The orc wizard shouts!
The orc wizard barely resists.
You hear a shout!
An orc comes into view.
Casting: Pain
Confirm with . or Enter, or press ? or * to list all spells.
Aiming: Pain
Press: ? - help, Shift-Dir - straight line, f/p - orc wizard
Aim: an orc wizard, wielding a dagger of venom and wearing a robe (chance to defeat MR: 84%)
The orc wizard writhes in agony!
The orc moves out of view.
An orc comes into view. It is wielding a dagger.
Okay, then.
Are you sure you want to abandon this character and quit the game? (Confirm with "yes".)

...#.o.#..
.#...#.[.#.o # ..# #
...#...#...#.. #.. .#
.#...#...#...#...# .#
...#...#...#.g.#....#
.#...#...#...#o.o#..#
...#...#...#...#....#
.#...#...#...#...#..#
...#...#...#...#@...#
.#...#...#...#..(#..#
...#...#...#...#....#
.#...#...#...#...#..#
...#...#...#...#....#
.#..)#...#...#.....##
...#...#...#..######
.##..#...#..### .
.....#..###


You could see an orc wizard, 2 orcs and a goblin.

Vanquished Creatures
  Terence (D:3)
  A worm (D:3)
  3 orcs (D:3)
  A goblin (D:3)
  A hobgoblin (D:2)
  2 quokkas (D:3)
  A bat (D:3)
  2 kobolds
  2 rats
14 creatures vanquished.

Notes
Turn   | Place    | Note
-------+----------+-------------------------------------------
     0 | D:1      | tidbits the Gnoll Necromancer began the quest for the Orb.
     0 | D:1      | Reached XP level 1. HP: 13/13 MP: 6/6
   290 | D:3      | Reached XP level 2. HP: 18/19 MP: 5/7
   295 | D:3      | Learned a level 1 spell: Animate Skeleton
   321 | D:3      | Found a snail-covered altar of Cheibriados.
   324 | D:3      | Became a worshipper of Cheibriados the Contemplative
   377 | D:3      | Noticed Terence
   386 | D:3      | HP: 1/20 [Terence/hand axe (3)]
   394 | D:3      | Killed Terence
   394 | D:3      | Reached skill level 5 in Spellcasting
   394 | D:3      | Reached skill level 1 in Invocations
   394 | D:3      | Reached XP level 3. HP: 22/25 MP: 0/9
   414 | D:3      | Quit the game

Skill      XL: |  1  2 |
---------------+-------+-----
Spellcasting   | 5 |  5.0
Invocations    | 1 |  1.0
Fighting       | |  0.8
Short Blades   | |  0.8
Long Blades    | |  0.8
Axes           | |  0.8
Maces & Flails | |  0.8
Polearms       | |  0.8
Staves         | |  0.8
Slings         | |  0.8
Bows           | |  0.8
Crossbows      | |  0.8
Throwing       | |  0.8
Armour         | |  0.8
Dodging        | |  4.5
Stealth        | |  4.1
Shields        | |  0.8
Unarmed Combat | |  0.8
Conjurations   | |  0.5
Hexes          | |  0.5
Charms         | |  0.5
Summonings     | |  0.5
Necromancy     | |  7.1
Translocations | |  0.5
Transmutations | |  0.5
Fire Magic     | |  0.5
Ice Magic      | |  0.5
Air Magic      | |  0.5
Earth Magic    | |  0.5
Poison Magic   | |  0.5
Evocations     | |  0.8

Action                   || total
-------------------------++-------
Melee: Trident           ||     5
 Cast: Pain              ||    27
  Use: Potion            ||     3
       Scroll            ||     2
Armor: Robe              ||     5
Dodge: Dodged            ||    23

Table legend:
 A = Turns spent in this place as a percentage of turns spent in the entire game.
 B = Non-inter-level travel turns spent in this place as a percentage of non-inter-level travel turns spent in the entire game.
 C = Inter-level travel turns spent in this place as a percentage of turns spent in this place.
 D = Turns resting spent in this place as a percentage of non-inter-level travel turns spent in this place.
 E = Turns spent auto-exploring this place as a percentage of non-inter-level travel turns spent in this place.
 F = Non-inter-level travel turns spent in this place divided by the number of levels of this place that you've seen.
                   A       B       C       D       E      F
               +-------+-------+-------+-------+-------+----------------------
         Total | 100.0 | 100.0 |   0.0 |   0.0 |   0.0 | 138.0
       Dungeon | 100.0 | 100.0 |   0.0 |   0.0 |   0.0 | 138.0
               +-------+-------+-------+-------+-------+----------------------

Table legend:
 A = Kills in this place as a percentage of kills in entire the game.
 B = Kills by you in this place as a percentage of kills by you in the entire game.
 C = Kills by friends in this place as a percentage of kills by friends in the entire game.
 D = Other kills in this place as a percentage of other kills in the entire game.
 E = Experience gained in this place as a percentage of experience gained in the entire game.
 F = Experience gained in this place divided by the number of levels of this place that you have seen.
                   A       B       C       D       E      F
               +-------+-------+-------+-------+-------+----------------------
         Total | 100.0 | 100.0 |   N/A |   N/A | 100.0 |  19.7
       Dungeon | 100.0 | 100.0 |   N/A |   N/A | 100.0 |  19.7
               +-------+-------+-------+-------+-------+----------------------

Vault maps used:
D:1:      dpeg_arrival_snail, minmay_parallelograms, st_stairs_14,
          corexii_corridor_pit, lemuel_old_faithful
D:2:      minitemple, roderic_roman_lattice
D:3:      lemuel_doored_altar, kennysheep_doodads, hex_large, uniq_terence
